 Dungeon Crawl Stone Soup version 0.30-a0-134-gb40fab5c76 (webtiles) character file.

Game seed: 12305760911002395840

12812 Essalna the Destroyer (level 11, -9/92 HPs)
             Began as a Demonspawn Fire Elementalist on Sept 19, 2022.
             Was a Believer of Vehumet.
             Mangled by an elephant (10 damage)
             ... on level 2 of the Lair of Beasts.
             The game lasted 00:33:07 (14133 turns).

Essalna the Destroyer (DsFE)                       Turns: 14133, Time: 00:33:08

Health: -9/92      AC: 10    Str:  8    XL:     11   Next: 67%
Magic:  0/23       EV: 11    Int: 22    God:    Vehumet [**....]
Gold:   567        SH:  8    Dex: 17    Spells: 4/14 levels left

rFire   . . .      SeeInvis .    p - +1 whip (venom)
rCold   + . .      Faith    .    (no shield)
rNeg    . . .      Spirit   +    m - +1 leather armour of a sewer {Fly rC+}
rPois   .          Reflect  .    d - +0 helmet
rElec   .          Harm     .    (no cloak)
rCorr   .          Rampage  .    M - +0 pair of gloves
Will    .....                    (no boots)
Stlth   ++++......               A - brooch of Shielding {Spirit SH+8}
HPRegen 2.25/turn                u - +4 ring of protection
MPRegen 0.36/turn                z - ring of magical power

@: flying
A: thin skeletal structure 2, powered by death 3, magic regeneration, weakness
stinger 1
a: Renounce Religion


You were on level 2 of the Lair of Beasts.
You worshipped Vehumet.
Vehumet was pleased with you.
You visited 3 branches of the dungeon, and saw 12 of its levels.

You collected 567 gold pieces.

Inventory:

Hand Weapons
 f - a +0 short sword of freezing
 p - a +1 whip of venom (weapon)
Missiles
 w - a throwing net
Armour
 a - a +0 robe
 d - a +0 helmet (worn)
 g - the +3 pair of seven-league boots {Rampage+∞}
   (You acquired it on level 4 of the Dungeon)

   Its wearer moves as far as possible in that direction when moving towards
   enemies.
 m - the +1 leather armour of a sewer (worn) {Fly rC+}
   (You found it on level 3 of the Dungeon)

   rC:        It protects you from cold.
   Fly:       It grants you flight.
 E - a +0 helmet
 G - a +2 leather armour of poison resistance
 M - a +0 pair of gloves (worn)
Magical Staves
 l - a staff of cold
Jewellery
 i - a ring of ice
 u - a +4 ring of protection (left hand)
 z - a ring of magical power (right hand)
 A - the brooch of Shielding (around neck) {Spirit SH+8}
   (You found it on level 6 of the Dungeon)

   [amulet of guardian spirit]

   It causes incoming damage to be divided between your reserves of health and
   magic.
   SH:        It affects your SH (+8).
 H - a ring of willpower
 I - an amulet of the acrobat
 L - an amulet of guardian spirit
Wands
 o - a wand of flame (20)
 q - a wand of paralysis (17)
 r - a wand of digging (7)
Scrolls
 j - 8 scrolls of identify
 k - 2 scrolls of poison
 t - a scroll of brand weapon
 v - 2 scrolls of summoning {unknown}
 y - 3 scrolls of amnesia {unknown}
 B - 2 scrolls of immolation {unknown}
 D - a scroll of silence
 F - 2 scrolls of magic mapping {unknown}
 J - a scroll of enchant armour {unknown}
 K - a scroll of butterflies {unknown}
Potions
 h - a potion of cancellation
 n - a potion of flight
 s - 3 potions of might
 x - a potion of degeneration
 C - 2 potions of curing


   Skills:
 + Level 10.6 Fighting
 - Level 1.7 Dodging
 - Level 1.7 Stealth
 - Level 2.0 Spellcasting
 + Level 11.1 Conjurations
 + Level 0.4 Translocations
 + Level 10.6 Fire Magic
 + Level 0.4 Air Magic


You had 4 spell levels left.
You knew the following spells:

 Your Spells              Type           Power      Damage    Failure   Level
a - Foxfire               Conj/Fire      100%       2x1d9     1%          1
b - Scorch                Fire           96%        2d9       1%          2
c - Flame Wave            Conj/Fire      50%        2d12      2%          4
d - Kindle Blastsparks    Fire/Tloc/Air  38%        2d13      12%         3

Your spell library contained the following spells:

 Spells                   Type           Power      Damage    Failure   Level
 Ignite Poison            Fire/Tmut/Pois 17%        N/A       14%         3
 Dazzling Flash           Conj/Hex       52%        N/A       6%          3
 Inner Flame              Hex/Fire       25%        N/A       7%          3
 Iskenderun's Mystic Bla  Conj/Tloc      27%        2d7       19%         4
 Freeze                   Ice            8%         1d3       21%         1
 Hailstorm                Conj/Ice       26%        3d7       21%         4
 Frozen Ramparts          Ice            4%         1d1       52%         3
 Ozocubu's Armour         Ice            2%         N/A       52%         3
 Starburst                Conj/Fire      25%        6d8       34%         6
 Metabolic Englaciation   Hex/Ice        1%         N/A       99%         5
 Simulacrum               Ice/Necr       1%         N/A       100%        6


Dungeon Overview and Level Annotations

Branches:
Dungeon (9/15)             Temple (1/1) D:4            Lair (2/5) D:9
  Swamp: Lair:2-3    Shoals: Lair:2-3     Snake: Lair:2-3    Spider: Lair:2-3
    Orc: D:9-12

Altars:
Ashenzari
Cheibriados
Dithmenos
Fedhas
Gozag
Hepliaklqana
Kikubaaqudgha
Makhleb
Nemelex Xobeh
Okawaru
Qazlal
Ru
Sif Muna
Trog
Uskayaw
Vehumet
Wu Jian
Xom
Yredelemnul

Annotations:
D:6 Pikel
D:7 2 transporters, leebro123's ghost, novice MiHu
Lair:1 3 runed translucent doors, Cung's ghost, novice GrBe; Heedrag's ghost, journeyman MiFi; Iqocveme's ghost, journeyman HuCj; Urug; jehirs's ghost, journeyman GrEE; philipeq's ghost, journeyman DsFi


Innate Abilities, Weirdness & Mutations

You have a moderately thin skeletal structure. (Dex +4, Stealth++)
You regenerate a lot of health from kills.
You regenerate magic rapidly.
You have a small tail.


Message History

The yak is moderately wounded.
The yak gores you but does no damage. You block the yak's attack.
The elephant tramples you!
* * * LOW HITPOINT WARNING * * *
You hold your ground!
The elephant trunk-slaps you but does no damage.
The elephant barely misses you.
The elephant trunk-slaps you but does no damage.
The elephant closely misses you.
The elephant trunk-slaps you but does no damage.
A wave of flame ripples out!
The flame wave engulfs the elephant!
The elephant is almost dead.
The flame wave engulfs the yak!!
You kill the yak!
Vehumet accepts your kill.
Vehumet offers you knowledge of Ignite Poison.
You feel your power returning.
The flame wave engulfs the elephant!
The elephant is heavily wounded.
The flame wave engulfs the yak!
The yak is severely wounded.
The flame wave engulfs the elephant!
The elephant is moderately wounded.
The flame wave engulfs the yak!
The yak is heavily wounded.
The flame wave engulfs the yak.
The yak is severely wounded.
The flame wave engulfs the yak!
The yak is moderately wounded.
The flame wave engulfs the yak.
The yak is moderately wounded.
You finish channelling waves of flame.
The yak gores you.
* * * LOW HITPOINT WARNING * * *
The elephant closely misses you.
The elephant trunk-slaps you but does no damage.
The elephant tramples you.
* * * LOW HITPOINT WARNING * * *
You hold your ground!
The elephant trunk-slaps you.
* * * LOW HITPOINT WARNING * * *
The elephant tramples you!
You die...

#### ## ### #.#####..#
# #.##Y##...B....Y###.
#.†@Y$#....#..Y#Y...
##YYY#.........§o...
#.YYY.........§....
#...........YY§....
#...P.........YB.....
#....................
#....<................
#.....................
#.....................


You could see 3 elephants and 5 yaks.

Vanquished Creatures
  A hydra (D:8)
  3 death yaks (D:9)
  A black mamba (Lair:1)
  An elephant (Lair:2)
  Joseph (D:8)
  A cane toad (Lair:2)
  A rime drake (Lair:1)
  A kobold demonologist (D:9)
  2 komodo dragons
  2 dream sheep (D:8)
  Sigmund (D:6)
  13 yaks
  A wyvern (D:9)
  A steam dragon (D:7)
  Menkaure (D:7)
  An acid dragon (D:5)
  8 water moccasins
  A sky beast (D:7)
  2 orc warriors (D:9)
  3 black bears
  An ice beast (D:8)
  4 centaurs
  8 wolves
  2 lemures
  2 ogres
  6 kobold brigands
  2 phantoms (D:6)
  6 bullfrogs
  3 scorpions (D:5)
  A necrophage (D:6)
  9 wights
  6 killer bees (D:9)
  5 hounds
  5 jellies
  5 orc priests
  A gnoll bouda (D:6)
  6 iguanas
  2 orc wizards
  11 gnolls
  5 adders
  A shadow imp (D:6)
  3 ufetubi
  4 worms
  2 dart slugs
  22 orcs
  10 bats
  13 endoplasms
  8 giant cockroaches (D:1)
  8 goblins
  4 hobgoblins
  10 jackals
  5 quokkas
  9 ball pythons
  4 frilled lizards
  11 kobolds
  6 rats
256 creatures vanquished.

Vanquished Creatures (collateral kills)
  2 foxfires (D:4)
2 creatures vanquished.

Vanquished Creatures (others)
  941 foxfires
  2 fungi (Lair:2)
  20 plants
963 creatures vanquished.

Grand Total: 1221 creatures vanquished

Notes
Turn   | Place    | Note
-------+----------+-------------------------------------------
     0 | D:1      | Essalna the Demonspawn Fire Elementalist began the quest
                  | for the Orb.
     0 | D:1      | Reached XP level 1. HP: 13/13 MP: 3/3
     1 | D:1      | Found a runed translucent door.
   506 | D:1      | Gained mutation: You regenerate a little health from kills.
                  | [demonic ancestry]
   506 | D:1      | Reached XP level 2. HP: 16/19 MP: 1/5
   743 | D:1      | Reached skill level 2 in Conjurations
   954 | D:1      | Reached XP level 3. HP: 24/24 MP: 1/6
  2250 | D:2      | Gained mutation: You have a somewhat thin skeletal
                  | structure. (Dex +2, Stealth+) [demonic ancestry]
  2250 | D:2      | Reached XP level 4. HP: 30/30 MP: 0/7
  2545 | D:2      | Reached skill level 3 in Conjurations
  3419 | D:3      | Found an ancient bone altar of Kikubaaqudgha.
  3419 | D:3      | Found a sacrificial altar of Ru.
  3508 | D:3      | Identified the +1 leather armour of a sewer {Fly rC+}
  4059 | D:3      | Found a faded altar of an unknown god.
  4560 | D:4      | Identified a scroll of acquirement
  4560 | D:4      | Acquired the +3 pair of seven-league boots {Rampage+∞}
  4560 | D:4      | Found the +3 pair of seven-league boots {Rampage+∞}
  4579 | D:4      | Reached skill level 1 in Fighting
  4690 | D:4      | Gained mutation: You regenerate health from kills. [demonic
                  | ancestry]
  4690 | D:4      | Reached XP level 5. HP: 37/37 MP: 3/8
  4845 | D:4      | Found a staircase to the Ecumenical Temple.
  4854 | Temple   | Entered the Ecumenical Temple
  5588 | D:5      | Entered Level 5 of the Dungeon
  5588 | D:5      | Noticed a centaur
  5599 | D:5      | Killed a centaur
  5600 | D:5      | Reached skill level 4 in Conjurations
  5600 | D:5      | Gained mutation: You have a small tail. [demonic ancestry]
  5600 | D:5      | Reached XP level 6. HP: 36/44 MP: 5/9
  5956 | D:5      | Learned a level 2 spell: Scorch
  6051 | D:5      | Reached skill level 5 in Fire Magic
  6051 | D:5      | Gained mutation: You have a moderately thin skeletal
                  | structure. (Dex +4, Stealth++) [demonic ancestry]
  6051 | D:5      | Reached XP level 7. HP: 46/52 MP: 4/10
  6461 | D:5      | Found a shimmering altar of Xom.
  6462 | D:5      | Found a hazy altar of Hepliaklqana.
  6483 | D:5      | Reached skill level 5 in Conjurations
  6658 | D:5      | Found a burning altar of Makhleb.
  6917 | D:5      | Found a basalt altar of Yredelemnul.
  7054 | D:6      | Noticed Sigmund
  7076 | D:6      | Killed Sigmund
  7077 | D:6      | Gained mutation: You regenerate a lot of health from kills.
                  | [demonic ancestry]
  7077 | D:6      | Reached XP level 8. HP: 33/61 MP: 6/11
  7646 | D:6      | Found the brooch of Shielding {Spirit SH+8}
  8035 | D:6      | Noticed Pikel
  8279 | D:6      | Reached skill level 5 in Fighting
  8279 | D:6      | Reached skill level 6 in Conjurations
  9118 | D:7      | Reached skill level 7 in Conjurations
  9118 | D:7      | Gained mutation: You regenerate magic rapidly. [demonic
                  | ancestry]
  9118 | D:7      | Reached XP level 9. HP: 69/69 MP: 12/12
  9295 | D:7      | Found a stormy altar of Qazlal.
  9347 | D:7      | Found a shadowy altar of Dithmenos.
  9422 | D:7      | Found a transporter.
  9425 | D:7      | Noticed leebro123's ghost (novice MiHu)
  9425 | D:7      | Noticed a troll
  9797 | D:7      | Found a transporter.
  9892 | D:7      | Noticed Menkaure
  9894 | D:7      | Killed Menkaure
  9952 | D:7      | Found a radiant altar of Vehumet.
  9961 | D:7      | Became a worshipper of Vehumet
 10199 | D:8      | Reached skill level 8 in Conjurations
 10294 | D:8      | Noticed Joseph
 10321 | D:8      | Killed Joseph
 10945 | D:8      | Noticed a three-headed hydra
 10955 | D:8      | Reached XP level 10. HP: 43/80 MP: 7/13
 10955 | D:8      | Killed a three-headed hydra
 11009 | D:8      | Reached * piety under Vehumet
 11009 | D:8      | Offered knowledge of Sandblast by Vehumet.
 11010 | D:8      | Reached skill level 9 in Conjurations
 11580 | D:9      | Found a staircase to the Lair.
 11580 | D:9      | Noticed a death yak
 11786 | D:9      | Learned a level 4 spell: Flame Wave
 12094 | D:9      | Noticed a death yak
 12116 | D:9      | Killed a death yak
 12121 | D:9      | Noticed a death yak
 12323 | D:9      | Killed a death yak
 12324 | D:9      | Reached skill level 10 in Conjurations
 12324 | D:9      | Reached XP level 11. HP: 60/89 MP: 8/14
 12330 | D:9      | Killed a death yak
 12494 | D:9      | Noticed a two-headed ogre
 12607 | Lair:1   | Entered Level 1 of the Lair of Beasts
 12626 | Lair:1   | Offered knowledge of Shock by Vehumet.
 12723 | Lair:1   | HP: 4/90 [komodo dragon (18)]
 12738 | Lair:1   | Reached ** piety under Vehumet
 12904 | Lair:1   | Found a runed translucent gate.
 12904 | Lair:1   | Found a runed translucent gate.
 12905 | Lair:1   | Found a runed translucent gate.
 12905 | Lair:1   | Noticed Cung's ghost (novice GrBe)
 12905 | Lair:1   | Noticed Iqocveme's ghost (journeyman HuCj)
 12908 | Lair:1   | Noticed jehirs's ghost (journeyman GrEE)
 12908 | Lair:1   | Noticed Heedrag's ghost (journeyman MiFi)
 13003 | Lair:1   | Reached skill level 10 in Fire Magic
 13096 | Lair:1   | Reached skill level 10 in Fighting
 13668 | Lair:1   | Noticed philipeq's ghost (journeyman DsFi)
 13809 | Lair:2   | Reached skill level 11 in Conjurations
 13815 | Lair:2   | Noticed Urug
 13818 | Lair:2   | Noticed a boulder beetle
 13961 | Lair:1   | Learned a level 3 spell: Kindle Blastsparks
 14132 | Lair:2   | HP: 3/92 [elephant (5)]
 14133 | Lair:2   | Offered knowledge of Ignite Poison by Vehumet.
 14133 | Lair:2   | HP: 1/92 [elephant (1)]
 14133 | Lair:2   | Mangled by an elephant

Illustrated notes

Levels and vault maps discovered:
D:1:      dpeg_arrival_caged_fury, layout_basic, patterned_corridor
D:2:      layout_basic
D:3:      layout_basic, chequers_temple_overflow_statue_of_worship,
          shapermc_ecumenical_altar_mp_urbaneastern, dk_noncrumbling_3,
          minmay_misc_feat_four_crosses
D:4:      cheibrodos_old_hovel, layout_gridville, minmay_temple_entry_junction
D:5:      layout_loops_ring, gammafunk_temple_overflow_forgotten,
          kennysheep_mini, mainiacjoe_overflow_alcove_2,
          amcnicky_mini_pool_small
D:6:      minmay_clustersquares, layout_gridville,
          minmay_misc_feat_more_columns, serial_bayou_pond_c,
          ebering_dispersal_statue_hall, uniq_pikel, uniq_sigmund
D:7:      layout_gridville, mainiacjoe_overflow_24_doors, vehumet_crystals,
          lemuel_coloured_pillars_altar, gammafunk_ghost_arena,
          minmay_misc_feat_tower, hangedman_decor_opposing, uniq_menkaure
D:8:      layout_loops_ring, nicolae_benzene_ring, hangedman_ranch, uniq_joseph
D:9:      layout_loops_corners, mainiacjoe_overflow_alcove_4, dpeg_lair_monsters
Temple:   nicolae_temple_two_arcs
Lair:1:   layout_roguey, gammafunk_ghost_cemetery, grunt_megastairs_5
Lair:2:   layout_cave_shapes, minmay_shoals_entry_hut,
          infiniplex_staircase_pool_2, uniq_harold, uniq_urug

Skill      XL: |  1  2  3  4  5  6  7  8  9 10 11 |
---------------+----------------------------------+-----
Fire Magic     | 3 4 5 7 8 9 10 | 10.6
Conjurations   | 2 3 4 5 7 8 10 11 | 11.1
Fighting       | 1 2 3 4 6 7 9 10 | 10.6
Dodging        | |  1.7
Stealth        | |  1.7
Spellcasting   | |  2.0
Translocations | |  0.4
Air Magic      | |  0.4

Action                   |  1- 3 |  4- 6 |  7- 9 | 10-12 || total
-------------------------+-------+-------+-------+-------++-------
Melee: Unarmed           |    56 |       |       |       ||    56
       Short sword       |    20 |    27 |       |       ||    47
       Whip              |       |    24 |    62 |    31 ||   117
       Tailslap          |       |     1 |    12 |     6 ||    19
       Punch             |       |       |       |     2 ||     2
 Cast: Foxfire           |   108 |   151 |   180 |   123 ||   562
       Scorch            |       |       |    97 |    65 ||   162
       Flame Wave        |       |       |       |    20 ||    20
  Use: Scroll            |     3 |     1 |     7 |     7 ||    18
       Potion            |       |       |     2 |     5 ||     7
 Stab: Sleeping          |     1 |       |       |       ||     1
Armor: Robe              |    33 |     2 |       |       ||    35
       Leather armour    |       |    27 |    32 |    57 ||   116
Dodge: Dodged            |    87 |    37 |    73 |    86 ||   283
Block: Other             |       |       |    31 |    64 ||    95

Table legend: (Time is in decaauts)
 A = Elapsed time spent in this place.
 B = Non-inter-level travel time spent in this place.
 C = Inter-level travel time spent in this place.
 D = Time resting spent in this place.
 E = Time spent auto-exploring this place.
 F = Levels seen in this place.
 G = Mean time per level.
                   A        B        C        D        E       F      G
               +--------+--------+--------+--------+--------+-----+--------+
         Total |  14157 |  13628 |    529 |    245 |  11277 |  12 | 1179.8 |
       Dungeon |  12518 |  12120 |    398 |    146 |  10241 |   9 | 1390.9 |
        Temple |    107 |    107 |      0 |      0 |     45 |   1 |  107.0 |
          Lair |   1531 |   1400 |    131 |     99 |    991 |   2 |  765.5 |
               +--------+--------+--------+--------+--------+-----+--------+

Top non-repeatable levels by time:
     D:1: 2033 daAuts
     D:6: 1884 daAuts
     D:5: 1643 daAuts
  Lair:1: 1399 daAuts
     D:2: 1384 daAuts
     D:9: 1319 daAuts
     D:8: 1261 daAuts
     D:4: 1037 daAuts
     D:3: 1026 daAuts
     D:7: 929 daAuts
  Lair:2: 132 daAuts
  Temple: 107 daAuts
